 Dungeon Crawl Stone Soup version 0.28.0 (webtiles) character file.

Game seed: 13569227929880677370

72 hikkokomori the Vexing (level 4, 0/26 HPs)
             Began as a Kobold Arcane Marksman on Feb 8, 2022.
             Killed by nerve-wracking pain
             ... invoked by an orc priest
              (13 damage)
             ... on level 2 of the Dungeon.
             The game lasted 00:03:10 (1359 turns).

hikkokomori the Vexing (Kobold Arcane Marksman)     Turns: 1359, Time: 00:03:11

Health: 0/26       AC:  4    Str:  9    XL:     4   Next: 48%
Magic:  6/6        EV: 14    Int: 14    God:
Gold:   85         SH:  0    Dex: 15    Spells: 5/6 levels left

rFire   . . .      SeeInvis .   a - +0 hand crossbow
rCold   . . .      Faith    .   (no shield)
rNeg    . . .      Spirit   .   g - +0 troll leather armour
rPois   .          Reflect  .   (no helmet)
rElec   .          Harm     .   (no cloak)
rCorr   .          Rampage  .   (no gloves)
Will    .....                   (no boots)
Stlth   ++........              (no amulet)
HPRegen 0.88/turn               (no ring)
MPRegen 0.10/turn               (no ring)

@: no status effects
A: small, no large weapons, nightstalker 3
a: no special abilities


You were on level 2 of the Dungeon.
You visited 1 branch of the dungeon, and saw 2 of its levels.

You collected 85 gold pieces.

Inventory:

Hand Weapons
 a - a +0 hand crossbow (weapon)
 i - a +0 dagger
Armour
 d - a +0 robe
 g - a +0 troll leather armour (worn)
Scrolls
 b - 2 scrolls of magic mapping {unknown}
 e - a scroll of fear {unknown}
 f - a scroll of noise {unknown}
 h - a scroll of identify {unknown}
Potions
 j - a potion of flight {unknown}
 k - a potion of might {unknown}


   Skills:
 + Level 2.1 Fighting
 + Level 3.1 Crossbows
 + Level 3.1 Dodging
 + Level 1.9 Spellcasting
 + Level 3.4 Hexes


You had 5 spell levels left.
You knew the following spells:

 Your Spells              Type           Power      Damage    Failure   Level
a - Slow                  Hex            44%        N/A       9%          1

Your spell library contained the following spells:

 Spells                   Type           Power      Damage    Failure   Level
 Inner Flame              Hex/Fire       6%         N/A       45%         3
 Portal Projectile        Hex/Tloc       12%        N/A       45%         3
 Cause Fear               Hex            5%         N/A       63%         4


Dungeon Overview and Level Annotations

Branches:
Dungeon (2/15)

Altars:


Innate Abilities, Weirdness & Mutations

You are small and have problems with some larger weapons.
You are completely attuned to the shadows.


Message History

The orc completely misses you.
You shoot a bolt. The bolt hits the orc!
You kill the orc!
You shoot a bolt. The bolt closely misses the orc wizard.
The orc wizard hits you with a +0 dagger.
The orc wizard closely misses you.
The orc priest looks satisfied for a moment.
You shoot a bolt. The bolt closely misses the orc wizard.
The bolt barely misses the orc priest.
The orc wizard hits you but does no damage.
You shoot a bolt. The bolt hits the orc wizard.
The orc wizard is severely wounded.
The orc wizard gestures at you while chanting.
The magic dart hits you.
You shoot a bolt.
The bolt hits the orc wizard but does no damage.
The orc wizard is severely wounded.
The orc wizard gestures at you while chanting.
You resist with significant effort.
The orc wizard points at you and mumbles some strange words.
You resist with significant effort.
You shoot a bolt. The bolt hits the orc wizard!
You kill the orc wizard!
The hobgoblin misses you.
Your Fighting skill increases to level 2!
You have reached level 4!
You shoot a bolt.
The bolt completely misses the hobgoblin.
The bolt hits the orc priest.
The orc priest is moderately wounded.
The hobgoblin barely misses you.
You shoot a bolt. The bolt hits the hobgoblin!
You kill the hobgoblin!
The orc priest mumbles some strange prayers to Beogh against you.
Beogh smites you!
Ouch! That really hurt!
The orc priest mumbles some strange prayers to Beogh against you.
Pain shoots through your body!
Ouch! That really hurt!
You die...

#.#### #.#
##.##.###.#
#.........######
......#..).......#
###.##...#######.#
#. ##.## #.# ..
#.########.####
#....<........# #
#@#####.##.##.#
##.#)# #.##.# #
...(o# #.##.#
..##(.# #.##..# .
.(.# ##.# #.(.# .#
...## .#


You could see an orc priest.

Vanquished Creatures
  An orc wizard (D:2)
  2 dart slugs (D:1)
  3 orcs (D:2)
  3 ball pythons
  3 endoplasms
  A giant cockroach (D:1)
  5 goblins
  5 hobgoblins
  4 jackals (D:1)
  A quokka (D:1)
  2 bats (D:1)
  4 frilled lizards
  3 kobolds (D:1)
  A rat (D:1)
38 creatures vanquished.

Vanquished Creatures (others)
  5 plants (D:1)
5 creatures vanquished.

Grand Total: 43 creatures vanquished

Notes
Turn   | Place    | Note
-------+----------+-------------------------------------------
     0 | D:1      | hikkokomori the Kobold Arcane Marksman began the quest for
                  | the Orb.
     0 | D:1      | Reached XP level 1. HP: 12/12 MP: 2/2
   135 | D:1      | Reached XP level 2. HP: 16/16 MP: 3/3
   447 | D:1      | Reached XP level 3. HP: 20/20 MP: 5/5
  1358 | D:2      | Reached XP level 4. HP: 25/26 MP: 6/6
  1359 | D:2      | Killed from afar by an orc priest

Illustrated notes

Levels and vault maps discovered:
D:1:      lightli_arrival_statue_moat, layout_loops_ring, serial_forest,
          infiniplex_forest_lined_room_2, infiniplex_forest_straight_5,
          infiniplex_forest_clump_small, infiniplex_forest_3_way,
          minmay_misc_feat_more_columns
D:2:      layout_loops_ring, st_stairs_13, item_on_display_a

Skill      XL: |  1  2  3 |
---------------+----------+-----
Crossbows      | 3 |  3.1
Dodging        | 3 |  3.1
Fighting       | 2 |  2.1
Spellcasting   | |  1.9
Hexes          | |  3.4

Action                   |  1- 3 |  4- 6 || total
-------------------------+-------+-------++-------
 Fire: Hand crossbow     |    89 |     2 ||    91
Armor: Robe              |     4 |       ||     4
       Troll leather arm |     5 |       ||     5
Dodge: Dodged            |    32 |     1 ||    33
